 Dungeon Crawl Stone Soup version 0.23.2-1-ga50397a (webtiles) character file.

Game seed: 3232001207291736042

133 poirepourri the Changer (level 5, -1/34 HPs)
             Began as an Octopode Transmuter on May 5, 2019.
             Was an Initiate of Gozag.
             Slain by a centaur skeleton (6 damage)
             ... on level 4 of the Dungeon.
             The game lasted 00:03:39 (3465 turns).

poirepourri the Changer (Octopode Transmuter)       Turns: 3465, Time: 00:03:40

Health: -1/34      AC:  1    Str:  9    XL:     5   Next: 16%
Magic:  7/8        EV: 13    Int: 16    God:    Gozag
Gold:   129        SH:  0    Dex: 13    Spells: 2/8 levels left

rFire    . . .     SeeInvis .     - Unarmed
rCold    . . .     Gourm    .   (no shield)
rNeg     . . .     Faith    .   (helmet restricted)
rPois    .         Spirit   .   (no amulet)
rElec    .         Reflect  .   i - ring of resist corrosion
rCorr    +         Harm     .   (no ring)
MR       .....                  (no ring)
Stlth    ++........             (no ring)
HPRegen  0.11/turn              (no ring)
MPRegen  0.11/turn              (no ring)
                                (no ring)
                                (no ring)

@: appendage
A: almost no armour, stealthy swim, amphibious, 8 rings, constrict 8, tentacle
spike 3, camouflage 1, gelatinous body 1
a: End Transformation, Potion Petition, Call Merchant, Bribe Branch, Renounce
Religion


You were on level 4 of the Dungeon.
You worshipped Gozag.
Gozag was aware of your devotion.
You were not hungry.
One of your tentacles had a temporary spike.
You visited 1 branch of the dungeon, and saw 4 of its levels.

You collected 172 gold pieces.
You paid 43 gold pieces to Gozag.

Inventory:

Missiles
 a - 11 arrows
 e - a throwing net
 o - 2 tomahawks (quivered)
Jewellery
 i - a ring of resist corrosion (left tentacle)
Wands
 k - a wand of iceblast (6)
Scrolls
 c - 2 scrolls of identify
 f - 2 scrolls of teleportation {unknown}
 g - 3 scrolls of blinking {unknown}
 h - 2 scrolls of amnesia
 j - 2 scrolls of remove curse {unknown}
 n - a scroll of magic mapping {unknown}
 p - a scroll of fear {unknown}
Potions
 b - a potion of degeneration {unknown}
 d - a potion of berserk rage {unknown}
 l - a potion of ambrosia {unknown}
 m - a potion of haste {unknown}
 q - a potion of cancellation {unknown}
 r - a potion of heal wounds {unknown}


   Skills:
 - Level 2.0 Fighting
 - Level 2.0 Dodging
 + Level 3.7 Unarmed Combat
 - Level 2.0 Spellcasting
 - Level 4.2 Transmutations


You had 2 spell levels left.
You knew the following spells:

 Your Spells              Type           Power        Failure   Level  Hunger
a - Beastly Appendage     Tmut           ###...       3%          1    #......
b - Sticks to Snakes      Tmut           ###.....     5%          2    ###....
c - Spider Form           Tmut/Pois      #.........   26%         3    ###....

Your spell library contained the following spells:

 Spells                   Type           Power        Failure   Level  Hunger
 Ice Form                 Ice/Tmut       #.......     65%         4    #####..
 Blade Hands              Tmut           ###.......   71%         5    ######.


Dungeon Overview and Level Annotations

Branches:
Dungeon (4/15)
 Temple: D:4-7

Altars:
Gozag
Kikubaaqudgha
Makhleb

Annotations:
D:4 Sigmund


Innate Abilities, Weirdness & Mutations

You cannot wear most types of armour.
You are very stealthy in the water. (Stealth+)
You are amphibious.
You can wear up to eight rings at the same time.
You can use your tentacles to constrict eight enemies at once.
Your skin changes colour to match your surroundings (Stealth+).
Your rubbery body absorbs attacks. (AC +1, EV +1)
One of your tentacles bears a large vicious spike.


Message History

You are too injured to fight recklessly!
You are too injured to fight recklessly!
You are too injured to fight recklessly!
You are too injured to fight recklessly!
You are too injured to fight recklessly!
You are too injured to fight recklessly!
You are too injured to fight recklessly!
You are too injured to fight recklessly!
You are too injured to fight recklessly!
You are too injured to fight recklessly!
The centaur skeleton closely misses you.
The phantom hits you!
* * * LOW HITPOINT WARNING * * *
The phantom blinks!
As you read the scroll labeled DEIROY WOKERR, it crumbles to dust.
It is a scroll of identify.
h - 2 scrolls of amnesia The centaur skeleton hits you.
You die...
Your body crumbles into a pile of gold.

### ... .... ### $...
..# #### ..##.#
############... #.#.#
#............##
#.W###.#####........
#Z@...# #.####.## #
#.ยง##..# ###.####<#
##.#
#............<.....#
<5.#
#.##..#..####.#####.#
.#...# #.# #..#..# #.
#.# .# ..# ## #..#..#
.. #.# .# .# #)....#
## ... .# .. #.#)...
..# .# .h #.#


You could see a phantom and a centaur skeleton.

Vanquished Creatures
  5 adders
  3 dart slugs
  A worm (D:2)
  4 leopard geckos
  An orc (D:4)
  11 bats
  5 giant cockroaches
  9 hobgoblins
  4 jackals
  A quokka (D:3)
  4 ball pythons
  3 frilled lizards
  9 goblins
  6 kobolds
  7 rats
73 creatures vanquished.

Notes
Turn   | Place    | Note
-------+----------+-------------------------------------------
     0 | D:1      | poirepourri the Octopode Transmuter began the quest for the
                  | Orb.
     0 | D:1      | Reached XP level 1. HP: 13/13 MP: 3/3
   374 | D:1      | Reached XP level 2. HP: 18/18 MP: 5/5
   446 | D:1      | Learned a level 2 spell: Sticks to Snakes
   519 | D:1      | Reached skill level 3 in Transmutations
   922 | D:1      | Reached XP level 3. HP: 17/23 MP: 4/6
  1011 | D:1      | Learned a level 3 spell: Spider Form
  1549 | D:2      | Found a burning altar of Makhleb.
  1653 | D:2      | Reached skill level 4 in Transmutations
  1903 | D:2      | Reached XP level 4. HP: 25/28 MP: 7/7
  2123 | D:2      | Found an ancient bone altar of Kikubaaqudgha.
  2472 | D:3      | Found a faded altar of an unknown god.
  2642 | D:3      | Reached XP level 5. HP: 32/34 MP: 6/8
  2691 | D:3      | Found an opulent altar of Gozag.
  2755 | D:3      | Became a worshipper of Gozag Ym Sagoz the Greedy
  3144 | D:4      | Noticed Sigmund
  3454 | D:4      | Noticed a phantom
  3465 | D:4      | Slain by a centaur skeleton

Skill      XL: |  1  2  3  4 |
---------------+-------------+-----
Transmutations | 3 4 |  4.2
Fighting       | 2 |  2.0
Dodging        | |  2.0
Unarmed Combat | |  3.7
Spellcasting   | |  2.0

Action                   |  1- 3 |  4- 6 || total
-------------------------+-------+-------++-------
Melee: Unarmed           |   100 |    84 ||   184
       Constrict         |    26 |    21 ||    47
       Tentacles         |     9 |    11 ||    20
       Kick              |     4 |    13 ||    17
       Punch             |       |     1 ||     1
 Cast: Beastly Appendage |    10 |    12 ||    22
       Sticks to Snakes  |       |     1 ||     1
  Use: Scroll            |     1 |     1 ||     2
       Potion            |     1 |     1 ||     2
 Stab: Sleeping          |     9 |     6 ||    15
  Eat: Ration            |     1 |     2 ||     3
Armor: Skin              |    15 |    10 ||    25
Dodge: Dodged            |    78 |    67 ||   145
